 Dungeon Crawl Stone Soup version 0.31.0-2-g5a2aebc5c2 (webtiles) character file.

Game seed: 10946522563021627328

2405 Esekla the Grave Robber (level 9, -4/68 HPs)
             Began as a Formicid Necromancer on Jan 20, 2024.
             Was a Follower of Vehumet.
             Killed from afar by an electric eel (9 damage)
             ... with a bolt of electricity
             ... on level 8 of the Dungeon.
             The game lasted 00:40:50 (6510 turns).

Esekla the Grave Robber (Formicid Necromancer)      Turns: 6510, Time: 00:40:50

Health: -4/68      AC:  3    Str: 12    XL:     9   Next: 75%
Magic:  9/18       EV: 12    Int: 20    God:    Vehumet [*.....]
Gold:   202        SH:  0    Dex: 14    Spells: 11/20 levels left

rFire   . . .        v - +1 dagger (venom)
rCold   . . .        (no shield)
rNeg    . . .        z - +0 leather armour "Zeaps" {Stlth+}
rPois   .            (helmet unavailable)
rElec   .            (no cloak)
rCorr   .            (no gloves)
SInv    +            (no boots)
Will    .....        o - amulet of magic regeneration
Stlth   ++++         (no ring)
HPRegen 0.31/turn    (no ring)
MPRegen 0.56/turn

%: no passive effects
@: no status effects
A: permanent stasis, dig shafts and tunnels, antennae 3, four strong arms
a: Dig, Shaft Self, Renounce Religion


You were on level 8 of the Dungeon.
You worshipped Vehumet.
Vehumet was aware of your devotion.
You visited 2 branches of the dungeon, and saw 9 of its levels.

You collected 468 gold pieces.
You spent 266 gold pieces at shops.

Inventory:

Hand Weapons
 r - a +0 halberd
 s - a +2 dagger of freezing
 v - a +1 dagger of venom (weapon)
 w - a +0 dagger of holy wrath
 A - a +0 battleaxe of electrocution
Missiles
 t - 4 boomerangs (quivered)
Armour
 c - a +4 ring mail
 x - a scarf of harm
 z - the +0 leather armour "Zeaps" (worn) {Stlth+}
   (You found it on level 7 of the Dungeon)

   Stlth+:    It makes you more stealthy.
Jewellery
 e - a ring of ice
 o - an amulet of magic regeneration (around neck)
Wands
 j - a wand of mindburst (9)
 u - a wand of iceblast (7)
Scrolls
 a - a scroll of immolation {unknown}
 f - a scroll of enchant armour
 h - 4 scrolls of poison
 k - 2 scrolls of fear
 m - a scroll of fog {unknown}
 p - a scroll of identify
 q - a scroll of brand weapon {unknown}
 y - a scroll of blinking {unknown}
Potions
 b - a potion of magic
 d - 2 potions of curing
 g - 2 potions of might
 i - 2 potions of mutation
 l - a potion of cancellation {unknown}
 n - a potion of invisibility


   Skills:
 * Level 5.0 Fighting
 + Level 3.0 Short Blades
 + Level 1.0 Throwing
 * Level 5.0 Armour
 + Level 3.0 Dodging
 + Level 4.7 Stealth
 * Level 6.2 Spellcasting
 * Level 7.2 Necromancy
 + Level 0.1 Translocations
 * Level 1.7 Air Magic


You had 11 spell levels left.
You knew the following spells:

 Your Spells              Type           Power      Damage    Failure   Level
a - Necrotise             Necr           100%       1d9       1%          1
b - Airstrike             Air            6%         2d(1-17)  54%         4
d - Vampiric Draining     Necr           35%        2d8       1%          3
p - Apportation           Tloc           12%        N/A       12%         1

Your spell library contained the following spells:

 Spells                   Type           Power      Damage    Failure   Level
 Animate Dead             Necr           35%        N/A       6%          4
 Shock                    Conj/Air       36%        1d5       9%          1
 Foxfire                  Conj/Fire      24%        2x1d5     13%         1
 Sting                    Conj/Alch      24%        1d4       13%         1
 Summon Small Mammal      Summ           24%        N/A       13%         1
 Curse of Agony           Necr           35%        N/A       19%         5
 Ensorcelled Hibernation  Hex/Ice        12%        N/A       21%         2
 Call Canine Familiar     Summ           6%         N/A       36%         3
 Hailstorm                Conj/Ice       6%         3d5       36%         3
 Passwall                 Erth           6%         N/A       36%         3
 Sigil of Binding         Hex            6%         N/A       36%         3
 Summon Ice Beast         Ice/Summ       6%         N/A       36%         3
 Dimensional Bullseye     Hex/Tloc       3%         N/A       77%         4
 Plasma Beam              Fire/Air       4%         2x1d14    100%        6
 Sculpt Simulacrum        Ice/Alch       3%         N/A       100%        6
 Starburst                Conj/Fire      3%         6d3       100%        6
 Swiftness                Air            Unusable   N/A       N/A         3

Dungeon Overview and Level Annotations

Branches:
Dungeon (8/15)             Temple (1/1) D:4
   Lair: D:8-11

Altars:
Dithmenos
Elyvilon
Fedhas
Gozag
Hepliaklqana
Makhleb
Nemelex Xobeh
Okawaru
Qazlal
Ru
Sif Muna
Trog
Vehumet
Xom
Yredelemnul

Shops:
D:8 (

Annotations:
D:7 Joseph, Pikel


Innate Abilities, Weirdness & Mutations

You cannot be hasted, slowed, berserked, paralysed or teleported.
You can dig through walls and to a lower floor.
You have a pair of large antennae on your head. (SInv)
Your four strong arms can wield two-handed weapons with a shield.


Message History

You see here a +0 club.
An electric eel comes into view.
The electric eel shoots out a bolt of lightning at you!
The bolt of electricity hits you!
* * * LOW HITPOINT WARNING * * *
You see here a +0 club.
Items here: )))) [[[ †††.
You hit the wolf but do no damage.
The wolf is poisoned.
The wolf misses you.
You miss the wolf.
The wolf is lightly wounded.
The wolf closely misses you. The wolf bites you but does no damage.
Casting: Vampiric Draining (safe; 1% risk of failure)
Confirm with . or Enter, or press ? or * to list all spells.
Aiming: Vampiric Draining (safe; 1% risk of failure)
Press: ? - help, Shift-Dir - straight line, f - wolf
Aim: a wolf (moderately wounded, very poisoned)
You draw life force from the wolf!
You feel life coursing into your body. The wolf barely misses you.
The wolf misses you.
Casting: Vampiric Draining (safe; 1% risk of failure)
Confirm with . or Enter, or press ? or * to list all spells.
Aiming: Vampiric Draining (safe; 1% risk of failure)
Press: ? - help, Shift-Dir - straight line, f/p - wolf
Aim: a wolf (severely wounded, very poisoned)
You draw life force from the wolf!
You kill the wolf!
Vehumet accepts your kill.
You feel your power returning.
You feel life coursing into your body.
Your Armour skill increases to level 5!
Items here: )))) [[[ †††.
You see here a +0 club.
An electric eel comes into view.
The electric eel shoots out a bolt of lightning at you!
The bolt of electricity hits you!
* * * LOW HITPOINT WARNING * * *
The electric eel shoots out a bolt of lightning at you!
The bolt of electricity hits you!
* * * LOW HITPOINT WARNING * * *
The electric eel shoots out a bolt of lightning at you!
The bolt of electricity hits you!
You die...

#. .....≈≈
#.#..S~S~≈~S
###.#......... ..≈~
#......~~~~~~. .~~~
#......~~≈≈≈~. ~h≈≈
#.......~≈≈~.≈≈~≈ ~≈≈≈
#.......≈≈≈.≈~≈≈≈≈≈≈≈≈
#........~..~≈≈≈≈ ≈≈~~
#####@...~....~≈ ≈≈~.
#.......... ≈~~.
##)####...######.. #)#
#!..>....[#
#.#####..### #
#..........#
####.###.#.###### #..#
#.........
#.######.......


You could see 2 electric eels.

Vanquished Creatures
  A troll (D:8)
  A hornet (D:7)
  A basilisk (D:8)
  2 water moccasins
  An orc warrior (D:8)
  An ogre (D:4)
  2 wolves (D:8)
  A lemure (D:7)
  A phantom (D:5)
  2 bullfrogs
  A scorpion (D:4)
  8 killer bees
  A howler monkey (D:5)
  2 bombardier beetles (D:5)
  4 hounds
  A jelly (D:7)
  3 iguanas
  4 orc wizards
  A sleepcap (D:4)
  Ijyb (D:5)
  Robin (D:2)
  5 gnolls
  4 adders
  A white imp (D:6)
  2 dart slugs (D:3)
  3 ribbon worms
  11 orcs
  3 endoplasms
  A giant cockroach (D:1)
  14 goblins
  9 hobgoblins
  3 jackals (D:5)
  7 kobolds
  3 quokkas
  5 ball pythons
  6 bats
  2 frilled lizards
  6 rats
125 creatures vanquished.

Notes
Turn   | Place    | Note
-------+----------+-------------------------------------------
     0 | D:1      | Esekla the Formicid Necromancer began the quest for the
                  | Orb.
     0 | D:1      | Reached XP level 1. HP: 13/13 MP: 3/3
   290 | D:1      | Reached skill level 1 in Fighting
   372 | D:1      | Reached XP level 2. HP: 21/21 MP: 5/5
   821 | D:2      | Found a stormy altar of Qazlal.
   833 | D:2      | Reached XP level 3. HP: 23/26 MP: 6/6
   837 | D:2      | Learned a level 3 spell: Vampiric Draining
  1068 | D:3      | Found a basalt altar of Yredelemnul.
  1283 | D:2      | Noticed Robin
  1288 | D:2      | Reached skill level 1 in Armour
  1294 | D:2      | Killed Robin
  1313 | D:2      | Reached XP level 4. HP: 21/32 MP: 7/7
  1424 | D:2      | Reached skill level 1 in Short Blades
  2281 | D:3      | Reached XP level 5. HP: 27/37 MP: 8/8
  2735 | D:4      | Noticed an ogre
  2740 | D:4      | Killed an ogre
  2741 | D:4      | Reached XP level 6. HP: 29/44 MP: 6/10
  2894 | D:4      | Found a staircase to the Ecumenical Temple.
  2908 | Temple   | Entered the Ecumenical Temple
  2930 | Temple   | Became a worshipper of Vehumet
  3777 | D:5      | Entered Level 5 of the Dungeon
  3935 | D:5      | Reached skill level 5 in Necromancy
  3935 | D:5      | Reached XP level 7. HP: 51/51 MP: 11/11
  4347 | D:6      | Noticed a two-headed ogre
  4679 | D:5      | Reached * piety under Vehumet
  4679 | D:5      | Offered knowledge of Sting by Vehumet.
  4680 | D:5      | Reached XP level 8. HP: 41/58 MP: 7/13
  4772 | D:5      | Noticed Ijyb
  4784 | D:5      | Killed Ijyb
  5281 | D:5      | You fall into a shaft and drop 2 floors!
  5452 | D:7      | Learned a level 1 spell: Apportation
  5478 | D:7      | Learned a level 4 spell: Airstrike
  5479 | D:7      | Found a stormy altar of Qazlal.
  5508 | D:7      | Noticed Joseph
  5509 | D:7      | Noticed a hornet
  5526 | D:7      | Killed a hornet
  5570 | D:7      | Noticed Pikel
  5629 | D:7      | Reached skill level 6 in Necromancy
  5636 | D:7      | Found a sacrificial altar of Ru.
  5782 | D:7      | Reached XP level 9. HP: 34/65 MP: 10/16
  5787 | D:7      | Reached skill level 5 in Spellcasting
  6201 | D:7      | Noticed a troll
  6241 | D:7      | Identified the +0 leather armour "Zeaps" {Stlth+}
  6364 | D:8      | Reached skill level 1 in Air Magic
  6390 | D:8      | Noticed a troll
  6413 | D:8      | Killed a troll
  6414 | D:8      | Found Numoibih's Antique Weapon Boutique.
  6419 | D:8      | Bought a runed battleaxe for 266 gold pieces
  6461 | D:8      | Reached skill level 1 in Throwing
  6463 | D:8      | Reached skill level 7 in Necromancy
  6483 | D:8      | Reached skill level 5 in Fighting
  6504 | D:8      | Reached skill level 5 in Armour
  6510 | D:8      | Killed from afar by an electric eel

Illustrated notes

Levels and vault maps discovered:
D:1:      lemuel_arrival_rhombus, layout_basic, minmay_misc_feat_more_columns
D:2:      layout_loops_ring, basic_altar, uniq_robin
D:3:      layout_loops_corners, yredelemnul_altar_generic
D:4:      layout_loops_cross, temple_pool_b, st_stairs_12
D:5:      layout_gridville, uniq_ijyb
D:6:      black_bear_nest_2, layout_rooms, tso_altar, lemuel_tele_altar
D:7:      kennysheep_big_flooded_room, layout_rooms, marbit_many_paths,
          mainiacjoe_overflow_boulevard, overflow_temple_1_default,
          serial_shops, shop, nicolae_figureground_pulse, uniq_joseph,
          uniq_pikel
D:8:      layout_rooms, chei_slow_surprise, nicolae_kikubaaqudgha_miasma_corner,
          erik_lair_island, enter_bailey_7, serial_shops, kennysheep_little_box,
          minmay_manual_moon
Temple:   minmay_temple_forest_path

Skill      XL: |  1  2  3  4  5  6  7  8  9 |
---------------+----------------------------+-----
Fighting       | 1 2 3 4 5 |  5.0
Armour         | 1 2 3 4 5 |  5.0
Short Blades   | 1 2 3 |  3.0
Stealth        | 3 4 |  4.7
Dodging        | 2 3 |  3.0
Spellcasting   | 3 4 6 |  6.2
Necromancy     | 5 6 7 |  7.2
Air Magic      | 1 |  1.7
Throwing       | 1 |  1.0
Translocations | |  0.1

Action                     |  1- 3 |  4- 6 |  7- 9 || total
---------------------------+-------+-------+-------++-------
  Melee: Dagger            |    84 |   105 |   191 ||   380
         Club              |    14 |       |       ||    14
         Punch             |       |     1 |     2 ||     3
  Throw: Boomerang         |       |       |    16 ||    16
   Cast: Vampiric Draining |       |     6 |    50 ||    56
         Apportation       |       |       |     3 ||     3
Ability: Dig               |       |       |     1 ||     1
         Shaft Self        |       |       |     1 ||     1
  Evoke: Wand              |       |       |     2 ||     2
    Use: Scroll            |       |     3 |     6 ||     9
         Potion            |       |       |     2 ||     2
   Stab: Sleeping          |     4 |    14 |     1 ||    19
         Distracted        |     1 |       |       ||     1
 Armour: Robe              |    14 |       |       ||    14
         Leather armour    |    35 |     1 |    41 ||    77
         Animal skin       |       |    43 |   108 ||   151
  Dodge: Dodged            |    58 |    42 |   140 ||   240
